 Dungeon Crawl Stone Soup version 0.23.0 (webtiles) character file.

Game seed: 5484060275250540014

60 goblindog the Covered (level 3, -1/33 HPs)
             Began as a Minotaur Fighter on Feb 16, 2019.
             Was an Initiate of Gozag.
             Slain by a gnoll
             ... wielding a +0 halberd
              (5 damage)
             ... on level 3 of the Dungeon.
             The game lasted 00:11:39 (1561 turns).

goblindog the Covered (Minotaur Fighter)            Turns: 1561, Time: 00:11:40

Health: -1/33      AC:  7    Str: 21    XL:     3   Next: 80%
Magic:  2/2        EV:  7    Int:  5    God:    Gozag
Gold:   83         SH:  9    Dex:  9    Spells: 2/2 levels left

rFire    . . .     SeeInvis .   a - +0 war axe
rCold    . . .     Gourm    .   c - +0 shield
rNeg     . . .     Faith    .   b - +0 scale mail
rPois    .         Spirit   .   (helmet restricted)
rElec    .         Reflect  .   (no cloak)
rCorr    .         Harm     .   (no gloves)
MR       .....                  (no boots)
Stlth    ..........             (no amulet)
HPRegen  0.11/turn              (no ring)
MPRegen  0.08/turn              (no ring)

@: no status effects
A: retaliatory headbutt, horns 2
a: Potion Petition, Call Merchant, Bribe Branch, Renounce Religion


You were on level 3 of the Dungeon.
You worshipped Gozag.
Gozag was noncommittal.
You were not hungry.

You visited 1 branch of the dungeon, and saw 3 of its levels.

You collected 109 gold pieces.
You paid 26 gold pieces to Gozag.

Inventory:

Hand Weapons
 a - a +0 war axe (weapon)
 g - a +0 dagger
 h - a +0 short sword
 i - a +0 whip
 l - a +0 spear
Armour
 b - a +0 scale mail (worn)
 c - a +0 shield (worn)
 k - a +0 ring mail
Wands
 r - a wand of iceblast (7)
Scrolls
 e - 5 scrolls of identify {unknown}
 p - a scroll of immolation {unknown}
 q - a scroll of remove curse {unknown}
Potions
 d - a potion of might
 j - a potion of ambrosia {unknown}
 m - a potion of flight {unknown}
 n - 2 potions of magic {unknown}
 o - a potion of lignification {unknown}
 s - 2 potions of haste {unknown}
Comestibles
 f - 6 rations


   Skills:
 + Level 4.2 Fighting
 + Level 3.5 Axes
 + Level 4.2 Armour
 + Level 4.0 Shields


You had 2 spell levels left.
You didn't know any spells.
Your spell library contained the following spells:

 Spells                   Type           Power        Failure   Level  Hunger
 Corona                   Hex            #......      99%         1    ##.....
 Ensorcelled Hibernation  Hex/Ice        #.....       100%        2    ###....
 Confuse                  Hex            #.......     100%        3    ####...
 Dazzling Spray           Conj/Hex       #.....       100%        3    ####...
 Tukima's Dance           Hex            #.......     100%        3    ####...


Dungeon Overview and Level Annotations

Branches:
Dungeon (3/15)

Altars:
Ashenzari
Gozag


Innate Abilities, Weirdness & Mutations

You reflexively headbutt those who attack you in melee.
You have a pair of horns on your head.


Message History

The gnoll hits you but does no damage. The gnoll hits you with a +0 halberd.
You closely miss the gnoll. You block the gnoll's attack. x2
The gnoll hits you from afar with a +0 spear.
You hit the gnoll but do no damage.
The gnoll hits you but does no damage. x2
You closely miss the gnoll. You block the gnoll's attack.
The gnoll barely misses you. The gnoll completely misses you.
You slash the gnoll!
The gnoll is heavily wounded.
You block the gnoll's attack.
The gnoll hits you from afar with a +0 spear.
The gnoll hits you with a +0 halberd!
* * * LOW HITPOINT WARNING * * *
Your shield and scale mail prevent you from hitting the gnoll.
The gnoll is heavily wounded.
The gnoll completely misses you. You block the gnoll's attack.
You barely miss the gnoll. You headbutt the gnoll.
The gnoll is severely wounded.
You block the gnoll's attack. The gnoll hits you with a +0 halberd.
You die...
Your body crumbles into a pile of gold.

# #......# # #...<..# #
#......# # #......# #
#......# ####......#
..##......#
#.######################
................@gggg...
########################


You could see 4 gnolls.

Vanquished Creatures
  2 adders (D:2)
  An ooze (D:2)
  A worm (D:2)
  A dart slug (D:2)
  A leopard gecko (D:2)
  2 bats (D:2)
  2 giant cockroaches (D:2)
  2 goblins
  2 hobgoblins
  4 jackals (D:2)
  A quokka (D:2)
  A ball python (D:1)
  7 kobolds
  3 rats
30 creatures vanquished.

Notes
Turn   | Place    | Note
-------+----------+-------------------------------------------
     0 | D:1      | goblindog the Minotaur Fighter began the quest for the Orb.
     0 | D:1      | Reached XP level 1. HP: 19/19 MP: 0/0
   546 | D:1      | Found a shattered altar of Ashenzari.
   551 | D:1      | Reached XP level 2. HP: 27/27 MP: 1/1
   837 | D:2      | Reached XP level 3. HP: 17/33 MP: 2/2
  1413 | D:2      | Found an opulent altar of Gozag.
  1434 | D:2      | Became a worshipper of Gozag Ym Sagoz the Greedy
  1561 | D:3      | Slain by a gnoll

Skill      XL: |  1  2  3 |
---------------+----------+-----
Armour         | 4 |  4.2
Axes           | 3 |  3.5
Fighting       | 4 |  4.2
Shields        | 4 |  4.0

Action                   || total
-------------------------++-------
Melee: War axe           ||    73
       Headbutt          ||     7
  Eat: Ration            ||     1
Armor: Scale mail        ||    33
Dodge: Dodged            ||    26
Block: Shield            ||    41
